 Dungeon Crawl Stone Soup version 0.29-a0-474-gdfe5cd140f (webtiles) character file.

Game seed: 16859614930504424023

168 lesaewzxc the Sneak (level 5, -1/32 HPs)
             Began as a Kobold Brigand on May 23, 2022.
             Splashed by a jelly's acid (10 damage)
             ... on level 4 of the Dungeon.
             The game lasted 00:25:48 (2776 turns).

lesaewzxc the Sneak (Kobold Brigand)                Turns: 2776, Time: 00:25:49

Health: -1/32      AC:  0    Str: 10    XL:     5   Next: 77%
Magic:  6/6        EV: 17    Int: 12    God:
Gold:   102        SH:  0    Dex: 17    Spells: 3/6 levels left

rFire   . . .      SeeInvis .   a - +3 dagger
rCold   . . .      Faith    .   (no shield)
rNeg    . . .      Spirit   .   f - +0 ring mail
rPois   .          Reflect  .   h - +0 helmet
rElec   .          Harm     .   c - +0 cloak
rCorr   .          Rampage  .   (no gloves)
Will    .....                   (no boots)
Stlth   +++.......              (no amulet)
HPRegen 0.10/turn               g - +4 ring of evasion
MPRegen 0.10/turn               (no ring)

@: corroded
A: small, no large weapons, nightstalker 3
a: no special abilities


You were on level 4 of the Dungeon.
You visited 1 branch of the dungeon, and saw 4 of its levels.

You collected 160 gold pieces.
You spent 58 gold pieces at shops.

Inventory:

Hand Weapons
 a - a +3 dagger (weapon)
Missiles
 d - 10 poisoned darts
 e - 9 curare-tipped darts
 o - 4 boomerangs of dispersal
 r - 2 atropa-tipped darts
Armour
 b - a +0 robe
 c - a +0 cloak (worn)
 f - a +0 ring mail (worn)
 h - a +0 helmet (worn)
Jewellery
 g - a +4 ring of evasion (left hand)
 j - a ring of ice
Wands
 p - a wand of mindburst (5) (quivered)
Scrolls
 i - 2 scrolls of enchant weapon
 k - a scroll of fog
 n - 3 scrolls of magic mapping
Potions
 l - a potion of degeneration {unknown}
 q - a potion of brilliance
 s - 2 potions of curing


   Skills:
 * Level 3.5 Fighting
 + Level 3.5 Short Blades
 + Level 2.8 Throwing
 + Level 0.9 Armour
 * Level 3.0 Dodging
 - Level 5.3 Stealth
 + Level 1.2 Spellcasting
 + Level 1.0 Hexes
 + Level 0.6 Summonings


You had 3 spell levels left.
You knew the following spells:

 Your Spells              Type           Power      Damage    Failure   Level
a - Summon Small Mammal   Summ           8%         N/A       50%         1
b - Poisonous Vapours     Pois/Air       0%         N/A       75%         2

Your spell library contained the following spells:

 Spells                   Type           Power      Damage    Failure   Level
 Apportation              Tloc           0%         N/A       58%         1
 Necrotize                Necr           0%         1d4       58%         1
 Sting                    Tmut/Pois      0%         1d3       58%         1
 Summon Guardian Golem    Hex/Summ       2%         N/A       83%         3
 Call Canine Familiar     Summ           2%         N/A       86%         3
 Portal Projectile        Hex/Tloc       2%         N/A       88%         3
 Conjure Flame            Conj/Fire      0%         6-21      92%         3
 Ignite Poison            Fire/Tmut/Pois 0%         N/A       92%         3
 Leda's Liquefaction      Hex/Erth       0%         N/A       99%         4
 Olgreb's Toxic Radiance  Pois           0%         N/A       100%        4
 Sticky Flame             Conj/Fire      0%         2d3       100%        4


Dungeon Overview and Level Annotations

Branches:
Dungeon (4/15)
 Temple: D:4-7

Altars:

Shops:
D:3 [(*

Annotations:
D:3 3 runed translucent doors, Sabo's ghost, weakling DgTm


Innate Abilities, Weirdness & Mutations

You are small and have problems with some larger weapons.
You are completely attuned to the shadows.


Message History

The jelly quivers.
Hit: a) +3 dagger
Press: ? - help, Dir - move target, f - jelly
Aim: a jelly (about 9% to evade your +3 dagger)
Okay, then.
Aiming: Mindburst
Press: ? - help, Q - select action, (/) - cycle Shift-Dir - straight line, f - jelly
Aim: a jelly (not susceptible)
The jelly is unaffected.
The jelly misses you.
Unknown command.
Aiming: Mindburst
Press: ? - help, Q - select action, (/) - cycle Shift-Dir - straight line, f - you, p - jelly That would be overly suicidal.
Okay, then.
Unknown command.
The jelly attacks as you move away! The jelly barely misses you.
Aiming: Mindburst
Press: ? - help, Q - select action, (/) - cycle Shift-Dir - straight line, f - jelly
Aim: a jelly (not susceptible)
The jelly is unaffected.
The jelly misses you.
You hit the jelly.
Your hands burn!
The jelly is moderately wounded.
The jelly hits you.
You are splashed with acid!
You hit the jelly. The acid corrodes you!
Your hands burn!
The jelly is heavily wounded.
The jelly hits you but does no damage.
You hit the jelly but do no damage.
Your hands burn!
The jelly is heavily wounded.
The jelly barely misses you.
You hit the jelly.
Your hands burn!
The jelly is severely wounded.
The jelly hits you but does no damage.
You hit the jelly. The acid corrodes you!
Your hands burn!
The jelly is severely wounded.
The jelly hits you.
* * * LOW HITPOINT WARNING * * *
You are splashed with acid!
You die...

######### ##### ##.......# #....
#........# #.### #...@J...# #.#
###########.####'### #.#
###.........#.####.### #.#
.....................# #.#
.##.#######.#.##.....# #.# .##.#
#.#'#..###)########.# ....#
#......#...)........###
.##########......#..)............
...........................######


You could see a jelly.

Vanquished Creatures
  2 orc wizards (D:4)
  Natasha (D:4)
  2 adders (D:2)
  A white imp (D:4)
  A worm (D:2)
  A dart slug (D:2)
  6 orcs
  7 bats
  4 endoplasms
  9 goblins
  4 hobgoblins
  5 kobolds
  2 quokkas
  7 ball pythons
  3 frilled lizards
  2 rats
57 creatures vanquished.

Vanquished Creatures (collateral kills)
  An orc (D:4)
1 creature vanquished.

Grand Total: 58 creatures vanquished

Notes
Turn   | Place    | Note
-------+----------+-------------------------------------------
     0 | D:1      | lesaewzxc the Kobold Brigand began the quest for the Orb.
     0 | D:1      | Reached XP level 1. HP: 12/12 MP: 1/1
   115 | D:1      | Reached XP level 2. HP: 11/18 MP: 2/2
   546 | D:2      | Reached XP level 3. HP: 16/22 MP: 3/3
  1055 | D:2      | Learned a level 1 spell: Summon Small Mammal
  1132 | D:2      | Reached XP level 4. HP: 28/28 MP: 5/5
  1556 | D:3      | Found Ydwycke's Armour Shoppe.
  1637 | D:3      | Found Zeplimea's Weapon Shop.
  1642 | D:3      | Bought 2 atropa-tipped darts for 16 gold pieces
  1739 | D:3      | Found Inokhuts's Assorted Antiques.
  1769 | D:3      | Found a runed translucent gate.
  1769 | D:3      | Found a runed translucent gate.
  1771 | D:3      | Found a runed translucent gate.
  1772 | D:3      | Identified the +2 short sword of Salt {flame, rPois rC+
                  | Str+7}
  1773 | D:3      | Noticed Sabo's ghost (weakling DgTm)
  1948 | D:3      | Bought a scroll of identify for 42 gold pieces
  1977 | D:4      | Noticed Natasha
  1994 | D:4      | Killed Natasha
  2104 | D:4      | Reached XP level 5. HP: 23/32 MP: 6/6
  2131 | D:4      | Reached skill level 1 in Spellcasting
  2383 | D:4      | Learned a level 2 spell: Poisonous Vapours
  2428 | D:4      | Reached skill level 1 in Hexes
  2776 | D:4      | Splashed by a jelly's acid

Illustrated notes

Levels and vault maps discovered:
D:1:      dpeg_arrival_radiant, layout_rooms, columned_hall_lemuel
D:2:      layout_basic
D:3:      layout_loops_ring, biasface_ghost_orc_armoury, serial_shops,
          nicolae_diamond_shop, shop, shop, nicolae_shop_waterfront
D:4:      layout_basic, grunt_ministairs_6, uniq_eustachio, uniq_natasha

Skill      XL: |  1  2  3  4  5 |
---------------+----------------+-----
Short Blades   | 3 |  3.5
Dodging        | 2 3 |  3.0
Fighting       | 3 |  3.5
Spellcasting   | 1 |  1.2
Hexes          | 1 |  1.0
Throwing       | |  2.8
Armour         | |  0.9
Stealth        | |  5.3
Summonings     | |  0.6

Action                   |  1- 3 |  4- 6 || total
-------------------------+-------+-------++-------
Melee: Dagger            |    66 |   116 ||   182
       Punch             |       |     1 ||     1
Throw: Dart              |     4 |     4 ||     8
 Cast: Summon Small Mamm |     1 |     2 ||     3
Evoke: Wand              |       |     6 ||     6
  Use: Scroll            |     4 |     7 ||    11
       Potion            |       |     3 ||     3
 Stab: Sleeping          |    12 |     5 ||    17
Armor: Ring mail         |    45 |    38 ||    83
Dodge: Dodged            |   100 |   101 ||   201

Table legend: (Time is in decaauts)
 A = Elapsed time spent in this place.
 B = Non-inter-level travel time spent in this place.
 C = Inter-level travel time spent in this place.
 D = Time resting spent in this place.
 E = Time spent auto-exploring this place.
 F = Levels seen in this place.
 G = Mean time per level.
                   A        B        C        D        E       F      G
               +--------+--------+--------+--------+--------+-----+--------+
         Total |   2733 |   2699 |     34 |    100 |    822 |   4 |  683.2 |
       Dungeon |   2733 |   2699 |     34 |    100 |    822 |   4 |  683.2 |
               +--------+--------+--------+--------+--------+-----+--------+

Top non-repeatable levels by time:
     D:2: 1010 daAuts
     D:4: 788 daAuts
     D:1: 483 daAuts
     D:3: 451 daAuts
